 Dungeon Crawl Stone Soup version 0.20-a0-441-g89e74e4 (webtiles) character file.

21 M4edhros the Grave Robber (level 2, -2/17 HPs)
             Began as an Octopode Necromancer on Jan 6, 2017.
             Slain by an orc
             ... wielding a +0 whip
              (5 damage)
             ... on level 3 of the Dungeon.
             The game lasted 00:01:50 (448 turns).

M4edhros the Grave Robber (Octopode Necromancer)     Turns: 448, Time: 00:01:51

Health: -2/17      AC:  1    Str:  7    XL:     2   Next: 87%
Magic:  5/5        EV: 13    Int: 22    God:
Gold:   67         SH:  0    Dex: 12    Spells: 3/5 levels left

rFire  . . .     SeeInvis .       - Unarmed
rCold  . . .     Gourm    .     (no shield)
rNeg   . . .     Faith    +     (helmet restricted)
rPois  .         Spirit   .     d - amulet of faith
rElec  .         Reflect  .     (no ring)
rCorr  .         Harm     .     (no ring)
MR     .....                    (no ring)
Stlth  +++.......               (no ring)
                                (no ring)
                                (no ring)
                                (no ring)
                                (no ring)

@: brilliant, flying
A: almost no armour, stealthy swim, amphibious, 8 rings, constrict 8, camouflage
1, gelatinous body 1
a: no special abilities


You were on level 3 of the Dungeon.
You were not hungry.

You visited 1 branch of the dungeon, and saw 3 of its levels.

You collected 67 gold pieces.

Inventory:

Jewellery
 d - an amulet of faith (around mantle)
Scrolls
 e - a scroll of remove curse {unknown}
 f - a scroll of identify
 i - a scroll of recharging
 j - a scroll of teleportation {unknown}
 l - a scroll of immolation {unknown}
Books
 a - a book of Necromancy

   Spells                             Type                      Level
   a - Pain                           Necromancy                   1
   b - Animate Skeleton               Necromancy                   1
   c - Vampiric Draining              Necromancy                   3
   d - Regeneration                   Charms/Necromancy            3
   e - Animate Dead                   Necromancy                   4
   f - Control Undead                 Necromancy                   4
Comestibles
 b - a bread ration
 c - a meat ration
 g - 3 chunks of flesh


   Skills:
 - Level 2.0 Dodging
 - Level 2.6 Stealth
 + Level 2.4 Unarmed Combat
 - Level 2.0 Spellcasting
 - Level 4.0 Necromancy


You had 3 spell levels left.
You knew the following spells:

 Your Spells              Type           Power        Failure   Level  Hunger
a - Pain                  Necr           ####         1%          1    #......
b - Animate Skeleton      Necr           N/A          1%          1    #......


Dungeon Overview and Level Annotations

Branches:
Dungeon (3/15)

Altars:


Innate Abilities, Weirdness & Mutations

You cannot wear most types of armour.
You are very stealthy in the water. (Stealth+)
You are amphibious.
You can wear up to eight rings at the same time.
You can use your tentacles to constrict eight enemies at once.
Your skin changes colour to match your surroundings (Stealth+).
Your rubbery body absorbs attacks. (AC +1, EV +1)


Message History

You feel clever all of a sudden. The orc hits you with a whip.
* * * LOW HITPOINT WARNING * * *
It was a potion of flight.
You feel very buoyant.
You fly up into the air.
The orc closely misses you.
A leopard gecko and a bat come into view.
Found a stone staircase leading up.
You aren't carrying any items that you can evoke.
As you read the scroll labeled FANAIS GESER, it crumbles to dust.
It is a scroll of identify.
i - a scroll of recharging You tentacle-slap the orc.
Your grab misses the orc.
The orc is moderately wounded.
The orc hits you with a whip.
* * * LOW HITPOINT WARNING * * *
You closely miss the orc. You grab the orc.
The orc is moderately wounded.
You constrict the orc. The orc hits you with a whip.
You die...

..<.. ... ..# ...
....# b.. ....#
#l# ....# #.#
#....#
#.###....#####
#@##..........
#.o...........
####o.......
######.##..######
.........o.......#
#######.##o.####.#
# #.##.#####.##.#
#.##o......†..#
#.##o.####.#..#


You could see 2 orcs, a leopard gecko (sleeping) and a bat (sleeping).

Vanquished Creatures
  A worm (D:2)
  A giant cockroach (D:3)
  8 goblins
  3 hobgoblins
  3 rats
16 creatures vanquished.

Notes
Turn   | Place    | Note
-------+----------+-------------------------------------------
     0 | D:1      | M4edhros the Octopode Necromancer began the quest for the Orb.
     0 | D:1      | Reached XP level 1. HP: 11/11 MP: 3/3
    43 | D:2      | Reached skill level 1 in Unarmed Combat
   118 | D:1      | Reached XP level 2. HP: 11/17 MP: 5/5
   269 | D:2      | Learned a level 1 spell: Animate Skeleton
   448 | D:3      | Slain by an orc

Vault maps used:
D:1:      lightli_arrival_chessboard
D:2:      kennysheep_the_goblin_king, lemuel_round_altar
D:3:      vehumet_crystals, marbit_many_paths

Skill      XL: |  1  2 |
---------------+-------+-----
Unarmed Combat | 1 2 |  2.4
Dodging        | |  2.0
Stealth        | |  2.6
Spellcasting   | |  2.0
Necromancy     | |  4.0

Action                   || total
-------------------------++-------
Melee: Unarmed           ||    27
       Constrict         ||    10
       Tentacles         ||     4
 Cast: Pain              ||     8
       Animate Skeleton  ||     2
  Use: Potion            ||     2
       Scroll            ||     1
 Stab: Sleeping          ||     3
Armor: Skin              ||     1
Dodge: Dodged            ||    16
